 Dungeon Crawl Stone Soup version 0.24.0-13-gcf9b319 (webtiles) character file.

Game seed: 5662216025868239085, levelgen mode: deterministic

153 Bionic the Skirmisher (level 5, -6/39 HPs)
             Began as an Octopode Wanderer on Mar 25, 2020.
             Mangled by Grinder (8 damage)
             ... while paralysed by Grinder
             ... on level 3 of the Dungeon.
             The game lasted 00:08:02 (4075 turns).

Bionic the Skirmisher (Octopode Wanderer)           Turns: 4075, Time: 00:08:03

Health: -6/39      AC:  1    Str:  9    XL:     5   Next: 35%
Magic:  8/8        EV:  2    Int: 16    God:
Gold:   109        SH:  0    Dex: 13    Spells: 8/8 levels left

rFire    . . .     SeeInvis .   p - -3 spear (curse)
rCold    . . .     Gourm    .   (no shield)
rNeg     . . .     Faith    .   (helmet restricted)
rPois    .         Spirit   .   (no amulet)
rElec    .         Reflect  .   (no ring)
rCorr    .         Harm     .   (no ring)
MR       .....                  (no ring)
Stlth    +++.......             (no ring)
HPRegen  0.13/turn              (no ring)
MPRegen  0.11/turn              (no ring)
                                (no ring)
                                (no ring)

@: paralysed
A: almost no armour, stealthy swim, amphibious, 8 rings, constrict 8, camouflage
1, gelatinous body 1
a: no special abilities


You were on level 3 of the Dungeon.
You were not hungry.

You visited 1 branch of the dungeon, and saw 3 of its levels.

You collected 109 gold pieces.

Inventory:

Hand Weapons
 o - a +0 whip
   (You found it on level 2 of the Dungeon)
 p - a cursed -3 spear (weapon)
   (You found it on level 2 of the Dungeon)
Missiles
 b - 119 stones (quivered)
Scrolls
 d - 2 scrolls of identify
 h - a scroll of amnesia
Potions
 a - a potion of invisibility {unknown}
 c - 2 potions of curing
 i - 2 potions of lignification {!q}
 j - a potion of degeneration {unknown}
Comestibles
 f - 2 rations
 g - 3 chunks of flesh {@w0}


   Skills:
 * Level 5.0 Fighting
 - Level 1.0 Dodging
 - Level 1.3 Stealth
   Level 2.0 Shields
 - Level 2.0 Unarmed Combat
 - Level 2.0 Spellcasting
   Level 1.0 Hexes


You had 8 spell levels left.
You didn't know any spells.
Your spell library contained the following spells:

 Spells                   Type           Power        Failure   Level  Hunger
 Magic Dart               Conj           #...         21%         1    #......
 Sting                    Conj/Pois      #...         21%         1    #......
 Slow                     Hex            #.......     21%         2    ###....
 Blink                    Tloc           N/A          30%         2    ###....
 Call Imp                 Summ           #.......     30%         2    ###....
 Conjure Flame            Conj/Fire      #.......     52%         3    ###....
 Mephitic Cloud           Conj/Pois/Air  #.......     52%         3    ###....


Dungeon Overview and Level Annotations

Branches:
Dungeon (3/15)

Altars:

Annotations:
D:3 Grinder, Sigmund


Innate Abilities, Weirdness & Mutations

You cannot wear most types of armour.
You are very stealthy in the water. (Stealth+)
You are amphibious.
You can wear up to eight rings at the same time.
You can use your tentacles to constrict eight enemies at once.
Your skin changes colour to match your surroundings (Stealth+).
Your rubbery body absorbs attacks. (AC +1, EV +1)


Message History

g - 2 chunks of flesh {@w0} (gained 1)
You see here a rat skeleton. x2
b - 116 stones (gained 1)
b - 117 stones (gained 1)
An orc wizard comes into view. It is wielding a +0 dagger.
You see here a stone.
Health restored: 38
b - 118 stones (gained 1)
You see here a stone.
b - 119 stones (gained 1) 2 orcs come into view.
The orc shouts!
You hear a shout!
The orc wizard shouts!
The orc shouts!
You barely miss the orc wizard. You grab the orc wizard.
You constrict the orc wizard. The orc wizard closely misses you.
You hit the orc wizard but do no damage.
You constrict the orc wizard. The orc wizard barely misses you.
You hit the orc wizard. You constrict the orc wizard.
The orc wizard struggles to escape constriction.
You hit the orc wizard. You constrict the orc wizard.
The orc wizard misses you.
You hit the orc wizard. You constrict the orc wizard.
The orc wizard casts a spell at you. The magic dart hits you!
You take 8 damage, and have 30/38 hp.
MASSIVE DAMAGE!!
You hit the orc wizard. You constrict the orc wizard.
You kill the orc wizard!
Your Fighting skill increases to level 5!
The orc misses you.
You hit the orc. You grab the orc.
Your tentacle-slap misses the orc.
You constrict the orc. The orc barely misses you. x2
You hit the orc.
You kill the orc!
The orc barely misses you.
You hit the orc. You grab the orc.
You constrict the orc, but do no damage.
The orc hits you with a +0 falchion.
You take 1 damage, and have 30/39 hp.
You hit the orc but do no damage. You constrict the orc.
The orc closely misses you.
You hit the orc but do no damage. You constrict the orc.
You kill the orc!
Items here: )) [ † a +0 falchion; a +0 dagger; a +0 robe; an orc corpse You butcher the orc corpse.
g - 3 chunks of flesh {@w0} (gained 1)
Items here: )) [ ÷ a +0 falchion; a +0 dagger; a +0 robe; an orc skeleton
Things that are here:
a +0 mace; an orc corpse You butcher the orc corpse.
g - 5 chunks of flesh {@w0} (gained 2)
Things that are here:
a +0 mace; an orc skeleton
Items here: )) [ ÷ a +0 falchion; a +0 dagger; a +0 robe; an orc skeleton You start resting.
Eating one of 5 chunks of flesh {@w0}.
You eat one of the 5 chunks of flesh {@w0}.
Sigmund the Dreaded comes into view.
He is wielding a +5 scythe of protection.
You regained 6 hp, and now have 37/39 hp.
Health restored: 39
There is a stone staircase leading down here.
A bat comes into view.
You closely miss the bat. You grab the bat. Your squeeze misses the bat.
You constrict the bat. The bat closely misses you.
The bat escapes!
You hit the bat but do no damage. Your grab misses the bat.
Your squeeze misses the bat. The bat completely misses you.
The bat closely misses you. The bat hits you.
You take 1 damage, and have 38/39 hp.
You barely miss the bat. You grab the bat. You squeeze the bat.
You kill the bat!
Health restored: 39 You see here a scroll of noise {!r}.
Some of the chunks of flesh in your inventory have rotted away.
Grinder comes into view.
Grinder shouts!
You hear a shout!
You hit Grinder. You grab Grinder. Your squeeze misses Grinder.
You constrict Grinder. Grinder hits you.
You writhe in agony.
You take 8 damage, and have 31/39 hp.
MASSIVE DAMAGE!!
You hit Grinder but do no damage. You squeeze Grinder. You constrict Grinder.
Grinder hits you!
A kobold comes into view. It is wielding a +0 club.
Grinder says, "You look like you could use a good racking."
Grinder drinks a potion.
Grinder seems to speed up.
You take 7 damage, and have 24/39 hp.
The kobold shouts!
You hit Grinder but do no damage. Your squeeze misses Grinder.
You constrict Grinder.
Grinder blinks free!
Grinder blinks!
Grinder gestures at you.
You suddenly lose the ability to move!
Grinder hits you!
You writhe in agony.
Grinder hits you!
* * * LOW HITPOINT WARNING * * *
You writhe in agony.
* * * LOW HITPOINT WARNING * * *
Grinder hits you!
You die...

####### #.....# #.###.#
#.###.############
########...#.............
#....K.5@...........#####
.......####.#####.........?...
#####.. #.# #.######.#####
.... #.# #.. #.####. ###.. #.#
#.. ... ... #5. #.# #.#
..###>## #.. #.. .. #.. .....
... ... ##. ##.## #. #


You could see Grinder and a kobold.

Vanquished Creatures
  An orc wizard (D:3)
  5 adders (D:2)
  An ooze (D:2)
  2 worms
  4 leopard geckos
  3 orcs (D:3)
  6 bats
  2 giant cockroaches
  7 hobgoblins
  4 jackals (D:3)
  7 kobolds
  A quokka (D:3)
  2 ball pythons
  5 frilled lizards
  7 goblins
  6 rats
63 creatures vanquished.

Notes
Turn   | Place    | Note
-------+----------+-------------------------------------------
     0 | D:1      | Bionic the Octopode Wanderer began the quest for the Orb.
     0 | D:1      | Bionic set off with the following items: a +0 dagger, a
                  | potion of curing, a ration; and the following spells
                  | available to memorise: Magic Dart, Sting, Slow, Blink, Call
                  | Imp, Conjure Flame, Mephitic Cloud
     0 | D:1      | Reached XP level 1. HP: 13/13 MP: 3/3
   327 | D:1      | Reached skill level 2 in Fighting
   327 | D:1      | Reached XP level 2. HP: 19/19 MP: 5/5
   335 | D:1      | HP: 4/19 [hobgoblin/+0 club (5)]
   337 | D:1      | HP: 1/19 [rat (1)]
  1457 | D:1      | Reached XP level 3. HP: 25/25 MP: 6/6
  1544 | D:2      | Reached skill level 3 in Fighting
  2097 | D:2      | Reached XP level 4. HP: 15/33 MP: 7/7
  2123 | D:2      | HP: 8/33 [poisoned by an adder]
  2574 | D:2      | Reached skill level 4 in Fighting
  3746 | D:3      | Reached XP level 5. HP: 35/38 MP: 8/8
  3894 | D:3      | Reached skill level 5 in Fighting
  3951 | D:3      | Noticed Sigmund
  4063 | D:3      | Noticed Grinder
  4072 | D:3      | Paralysed by Grinder for 5 turns
  4074 | D:3      | HP: 4/39 [Grinder (9)]
  4075 | D:3      | Mangled by Grinder

Levels and vault maps discovered:
D:1:      saegor_arrival_simple_a, layout_loops_corners
D:2:      layout_basic
D:3:      layout_loops_ring, uniq_grinder, uniq_sigmund

Skill      XL: |  1  2  3  4  5 |
---------------+----------------+-----
Fighting       | 2 3 4 5 |  5.0
Dodging        | |  1.0
Stealth        | |  1.3
Shields        | |  2.0
Unarmed Combat | |  2.0
Spellcasting   | |  2.0
Hexes          | |  1.0

Action                   |  1- 3 |  4- 6 || total
-------------------------+-------+-------++-------
Melee: Unarmed           |    63 |     7 ||    70
       Constrict         |    15 |    30 ||    45
       Tentacles         |     8 |    15 ||    23
       Punch             |     1 |     2 ||     3
       Spear             |       |   111 ||   111
 Fire: Hunting sling     |    44 |       ||    44
Throw: Stone             |     3 |    36 ||    39
  Use: Scroll            |       |     7 ||     7
 Stab: Sleeping          |     5 |     3 ||     8
  Eat: Chunk             |     4 |     6 ||    10
Armor: Skin              |     5 |    11 ||    16
Dodge: Dodged            |    46 |    87 ||   133

Levels and vault maps discovered:
D:1:      saegor_arrival_simple_a, layout_loops_corners
D:2:      layout_basic
D:3:      layout_loops_ring, uniq_grinder, uniq_sigmund

Table legend:
 A = Turns spent in this place as a percentage of turns spent in the entire game.
 B = Non-inter-level travel turns spent in this place as a percentage of non-inter-level travel turns spent in the entire game.
 C = Inter-level travel turns spent in this place as a percentage of turns spent in this place.
 D = Turns resting spent in this place as a percentage of non-inter-level travel turns spent in this place.
 E = Turns spent auto-exploring this place as a percentage of non-inter-level travel turns spent in this place.
 F = Non-inter-level travel turns spent in this place divided by the number of levels of this place that you've seen.
                   A       B       C       D       E      F
               +-------+-------+-------+-------+-------+----------------------
         Total | 100.0 | 100.0 |   6.3 |  38.5 |  39.1 | 1273.0
       Dungeon | 100.0 | 100.0 |   6.3 |  38.5 |  39.1 | 1273.0
               +-------+-------+-------+-------+-------+----------------------

Table legend:
 A = Kills in this place as a percentage of kills in entire the game.
 B = Kills by you in this place as a percentage of kills by you in the entire game.
 C = Kills by friends in this place as a percentage of kills by friends in the entire game.
 D = Other kills in this place as a percentage of other kills in the entire game.
 E = Experience gained in this place as a percentage of experience gained in the entire game.
 F = Experience gained in this place divided by the number of levels of this place that you have seen.
                   A       B       C       D       E      F
               +-------+-------+-------+-------+-------+----------------------
         Total | 100.0 | 100.0 |   N/A |   N/A | 100.0 |  73.0
       Dungeon | 100.0 | 100.0 |   N/A |   N/A | 100.0 |  73.0
               +-------+-------+-------+-------+-------+----------------------
